 Dungeon Crawl Stone Soup version 0.23-a0-448-g1c01f63 (webtiles) character file.

7374 tilp the Spear-Bearer (level 11, -7/69 HPs)
             Began as a Merfolk Ice Elementalist on Nov 18, 2018.
             Was a Priest of Makhleb.
             Mangled by a spatial maelstrom (18 damage)
             ... on level 2 of the Abyss on Nov 20, 2018.
             The game lasted 00:54:27 (12613 turns).

tilp the Spear-Bearer (Merfolk Ice Elementalist)   Turns: 12613, Time: 00:54:28

Health: -7/69      AC: 12    Str:  8      XL:     11   Next: 14%
Magic:  17/17      EV: 16    Int: 17 (18) God:    Makhleb [***...]
Gold:   368        SH:  5    Dex: 15      Spells: 8/18 levels left

rFire    + . .     SeeInvis .   a - +2 whip (elec)
rCold    . . .     Gourm    .   r - +0 buckler
rNeg     . . .     Faith    .   s - +0 leather armour
rPois    .         Spirit   .   K - +1 helmet
rElec    .         Reflect  .   y - +2 cloak
rCorr    .         Harm     .   v - +1 pair of gloves
MR       .....                  M - +1 pair of boots
Stlth    ++........             n - amulet of regeneration
HPRegen  0.61/turn              d - ring of protection from fire
MPRegen  0.15/turn              i - +1 ring of evasion

@: no status effects
A: change form in water, swift swim, stealthy swim, frail 1
a: Minor Destruction, Lesser Servant of Makhleb, Renounce Religion


You were on level 2 of the Abyss.
You worshipped Makhleb.
Makhleb was most pleased with you.
You were not hungry.

You visited 1 branch of the dungeon, and saw 10 of its levels.
You visited the Abyss 1 time.
You also visited: Ossuary.

You collected 408 gold pieces.
You spent 40 gold pieces at shops.

Inventory:

Hand Weapons
 a - a +2 whip of electrocution (weapon)
 b - the +0 hunting sling of Lyschigg {velocity, rF- rC++ Int+3}
   (You found it on level 5 of the Dungeon)

   Any stone fired from it inflicts extra damage.
   It affects your intelligence (+3).
   It makes you vulnerable to fire.
   It greatly protects you from cold.
 j - a +2 short sword of draining
 m - a +1 spear
 F - a +0 trident
 R - a +2 spear of flaming
 S - a +0 halberd
Missiles
 o - 10 tomahawks (quivered)
 q - 196 sling bullets
 B - 2 javelins of penetration
Armour
 r - a +0 buckler (worn)
 s - a +0 leather armour (worn)
 v - a +1 pair of gloves (worn)
 w - the cursed +1 robe of Prudence {rF+ Int+2, unknown}
   (You found it on level 9 of the Dungeon)

   It affects your intelligence (+2).
   It protects you from fire.
   It has a curse placed upon it.
 y - a +2 cloak (worn)
 K - a +1 helmet (worn)
 M - a +1 pair of boots (worn)
Jewellery
 d - a ring of protection from fire (left hand)
 i - a +1 ring of evasion (right hand)
 n - an amulet of regeneration (around neck)
 x - an uncursed amulet of magic regeneration
 Q - an uncursed amulet of rage {unknown}
Wands
 L - a wand of disintegration (7)
 N - a wand of enslavement (12)
 P - a wand of scattershot (2)
Scrolls
 e - 3 scrolls of remove curse
 g - 2 scrolls of magic mapping
 h - 8 scrolls of amnesia
 l - a scroll of summoning {unknown}
 u - 4 scrolls of enchant weapon
 C - a scroll of immolation {unknown}
 H - a scroll of holy word {unknown}
 J - a scroll of fog
 T - a scroll of identify
Potions
 f - a potion of brilliance
 k - 3 potions of flight
 p - 3 potions of mutation
 A - 3 potions of resistance
 D - a potion of cancellation
 E - 2 potions of lignification
 G - 2 potions of berserk rage
 I - 2 potions of agility
Comestibles
 c - 24 rations


   Skills:
 - Level 4.1 Fighting
 + Level 12.2 Polearms
 - Level 6.0 Dodging
 - Level 2.1 Stealth
 - Level 4.1 Shields
 - Level 4.0 Spellcasting
 - Level 2.0 Conjurations
 - Level 4.0 Charms
 - Level 10.0 Ice Magic
 - Level 5.1 Invocations
 - Level 4.0 Evocations


You had 8 spell levels left.
You knew the following spells:

 Your Spells              Type           Power        Failure   Level  Hunger
a - Freeze                Ice            ####         1%          1    None
b - Throw Frost           Conj/Ice       ###...       3%          2    ##.....
c - Ozocubu's Armour      Chrm/Ice       ####....     3%          3    ###....
d - Throw Icicle          Conj/Ice       ###.....     19%         4    ####...

Your spell library contained the following spells:

 Spells                   Type           Power        Failure   Level  Hunger
 Summon Ice Beast         Ice/Summ       ###.....     28%         4    ####...


Dungeon Overview and Level Annotations

Branches:
Dungeon (10/15)              Lair (0/6) D:10
 Temple: D:4-7          Orc: D:9-12

Altars:
Ashenzari
Cheibriados
Elyvilon
Hepliaklqana
Makhleb
Okawaru
Trog
Uskayaw
Vehumet
Wu Jian
Xom

Shops:
D:6 %   D:8 :%!(*

Annotations:
D:4 Menkaure, Sigmund
D:7 4 exclusions
D:8 !2he
D:10 Sonja


Innate Abilities, Weirdness & Mutations

You revert to your normal form in water.
You are very nimble and swift while swimming.
You are very stealthy in the water. (Stealth+)
You are frail. (-10% HP)


Message History

A large abomination comes into view.
A spatial vortex comes into view.
Okay, then.
It was a potion of heal wounds.
You feel much better. The spatial maelstrom hits you!
The spatial maelstrom closely misses you.
Okay, then.
The spatial maelstrom hits you!
You blink.
The large abomination closely misses you.
A deep elf sorcerer comes into view. It is wielding a +0 short sword.
You block the large abomination's attack.
The spatial maelstrom barely misses you.
You block the spatial maelstrom's attack.
The spatial maelstrom barely misses you.
The spatial maelstrom hits you. Space warps horribly around you!
* * * LOW HITPOINT WARNING * * *
The spatial maelstrom completely misses you.
The spatial maelstrom hits you but does no damage.
The spatial maelstrom barely misses you.
The spatial maelstrom hits you!!
You die...

#..#......
#....#....
#.........
.........
......#..
##........
####........#
#....@.####
#....v.#. #
#......#..#
#....X.#.[..
#......## #.
##......# #..
#........#..#
#........#.#
#............


You could see a spatial maelstrom and a large abomination.

Vanquished Creatures
  Harold (D:10)
  Joseph (D:9)
  An orange demon (Abyss:1)
  A hippogriff (D:8)
  A vampire (D:10)
  4 hogs (D:8)
  A neqoxec (Abyss:1)
  A human (D:8)
  2 wargs (D:10)
  2 water moccasins
  2 black bears
  2 ice beasts
  A sky beast (D:8)
  A phantom (D:5)
  9 ogres
  3 centaurs
  A crocodile (D:10)
  2 bullfrogs
  A big kobold (D:10)
  2 gnoll sergeants
  A water moccasin zombie (D:8)
  A scorpion (D:7)
  15 wights
  2 centaur zombies (Ossuary)
  2 bullfrog zombies
  3 crimson imps
  A quasit (D:9)
  5 hounds
  Crazy Yiuf (D:3)
  6 orc priests
  2 jellies
  7 orc wizards
  A bullfrog skeleton (D:5)
  6 iguanas
  4 worker ants
  2 hound zombies
  A hound skeleton (D:5)
  5 mummies (Ossuary)
  A howler monkey zombie (D:8)
  9 gnolls
  2 howler monkey skeletons
  8 adders
  3 shadow imps
  An ooze (D:1)
  An adder skeleton (D:7)
  2 adder zombies
  5 worms
  5 dart slugs
  4 leopard geckos
  29 orcs
  6 giant cockroaches
  6 goblins
  8 hobgoblins
  10 jackals
  12 kobolds
  2 quokkas
  6 bats (D:1)
  5 frilled lizards
  A giant cockroach zombie (D:6)
  2 goblin zombies (Ossuary)
  2 hobgoblin zombies (Ossuary)
  A kobold zombie (Ossuary)
  An orc zombie (Ossuary)
  9 rats
245 creatures vanquished.

Vanquished Creatures (collateral kills)
  A gargoyle (D:10)
  A warg (D:10)
  A wight (D:10)
3 creatures vanquished.

Vanquished Creatures (others)
  3 slaves (D:7)
  A quokka (D:8)
  A quokka skeleton (D:8)
  A bush (D:5)
6 creatures vanquished.

Grand Total: 254 creatures vanquished

Notes
Turn   | Place    | Note
-------+----------+-------------------------------------------
     0 | D:1      | tilp the Merfolk Ice Elementalist began the quest for the
                  | Orb.
     0 | D:1      | Reached XP level 1. HP: 13/13 MP: 3/3
   225 | D:1      | Reached XP level 2. HP: 19/19 MP: 3/5
   229 | D:1      | Learned a level 2 spell: Throw Frost
   649 | D:1      | Reached XP level 3. HP: 23/24 MP: 6/6
   801 | D:1      | Learned a level 3 spell: Ozocubu's Armour
  1024 | D:2      | Found a hide-covered altar of Uskayaw.
  1114 | D:2      | Reached skill level 5 in Ice Magic
  1176 | D:2      | Found a radiant altar of Vehumet.
  1485 | D:2      | Reached XP level 4. HP: 7/30 MP: 0/7
  1864 | D:3      | Reached skill level 1 in Shields
  2010 | D:3      | Found a runed door.
  3050 | D:3      | Noticed Crazy Yiuf
  3084 | D:3      | Killed Crazy Yiuf
  3084 | D:3      | Reached XP level 5. HP: 25/35 MP: 0/8
  3299 | D:4      | Noticed Menkaure
  3299 | D:4      | Noticed Sigmund
  3821 | D:3      | Reached XP level 6. HP: 30/41 MP: 5/9
  4040 | D:5      | Entered Level 5 of the Dungeon
  4068 | D:5      | Found a shimmering altar of Xom.
  4069 | D:5      | Found a hazy altar of Hepliaklqana.
  4070 | D:5      | Noticed a spectral ugly thing
  4764 | D:5      | Reached skill level 1 in Fighting
  5064 | D:5      | Reached XP level 7. HP: 31/49 MP: 3/10
  5065 | D:5      | Upgraded the game from 0.23-a0-446-g036aa52 to
                  | 0.23-a0-448-g1c01f63
  5435 | D:4      | Reached skill level 5 in Dodging
  5928 | D:5      | Reached skill level 1 in Conjurations
  5928 | D:5      | Reached skill level 1 in Charms
  5928 | D:5      | Reached XP level 8. HP: 17/60 MP: 6/11
  6689 | D:5      | Got a faintly glowing hunting sling
  6730 | D:5      | Identified the cursed +0 hunting sling of Lyschigg
                  | {velocity, rF- rC++ Int+3} (You found it on level 5 of the
                  | Dungeon)
  7067 | D:6      | Reached skill level 1 in Polearms
  7139 | D:6      | Reached skill level 2 in Polearms
  7194 | D:6      | Found an iron altar of Okawaru.
  7340 | D:6      | Found a burning altar of Makhleb.
  7343 | D:6      | Became a worshipper of Makhleb the Destroyer
  7360 | D:6      | Reached skill level 3 in Polearms
  7360 | D:6      | Reached XP level 9. HP: 65/65 MP: 12/15
  7590 | D:6      | Found Puyw's Food Emporium.
  7775 | D:7      | Found a shattered altar of Ashenzari.
  8028 | D:7      | Reached skill level 4 in Polearms
  8261 | D:7      | Reached skill level 5 in Polearms
  8880 | D:8      | Reached skill level 6 in Polearms
  8923 | D:8      | Noticed a two-headed ogre
  8928 | D:8      | Found a sand-covered staircase.
  8945 | Ossuary  | Entered an ossuary
  9102 | Ossuary  | Reached * piety under Makhleb
  9228 | D:8      | Found Ytraw's Demolitions Depot.
  9410 | D:8      | Reached skill level 7 in Polearms
  9606 | D:8      | Found Letifur's Book Boutique.
  9618 | D:8      | Found a bloodstained altar of Trog.
  9703 | D:8      | Found a white marble altar of Elyvilon.
  9818 | D:8      | Found Fitiupe's Food Shoppe.
  9828 | D:8      | Found Veninke's Distillery.
  9837 | D:8      | Bought a potion of agility for 40 gold pieces
  9915 | D:8      | Reached skill level 1 in Evocations
  9948 | D:8      | Reached skill level 8 in Polearms
  9974 | D:8      | Reached XP level 10. HP: 54/71 MP: 16/16
 10224 | D:8      | Reached ** piety under Makhleb
 10318 | D:8      | Reached skill level 9 in Polearms
 10358 | D:8      | Found Ejim's Weapon Emporium.
 10366 | D:8      | Found a snail-covered altar of Cheibriados.
 10854 | D:9      | Got a sheer robe
 10862 | D:9      | Found an ornate altar of the Wu Jian Council.
 11014 | D:9      | Noticed Joseph
 11031 | D:9      | Killed Joseph
 11031 | D:9      | Reached skill level 10 in Polearms
 11177 | D:9      | Reached skill level 10 in Ice Magic
 11195 | D:10     | Entered Level 10 of the Dungeon
 11195 | D:10     | Noticed a gargoyle
 11276 | D:10     | Learned a level 4 spell: Throw Icicle
 11328 | D:10     | Noticed Sonja
 11390 | D:10     | Reached skill level 1 in Invocations
 11699 | D:10     | Found a staircase to the Lair.
 11712 | D:10     | Reached *** piety under Makhleb
 12003 | D:10     | Found a burning altar of Makhleb.
 12023 | D:10     | Noticed Harold
 12084 | D:10     | Reached skill level 11 in Polearms
 12328 | D:10     | Killed Harold
 12328 | D:10     | Reached XP level 11. HP: 70/77 MP: 2/17
 12458 | D:10     | Cast into level 1 of the Abyss (Sonja)
 12517 | Abyss:1  | Reached skill level 12 in Polearms
 12517 | Abyss:1  | Reached skill level 5 in Invocations
 12523 | Abyss:1  | Gained mutation: You are frail. (-10% HP) [a neqoxec]
 12573 | Abyss:2  | Noticed a spatial maelstrom
 12596 | Abyss:2  | Noticed a starcursed mass
 12605 | Abyss:2  | Noticed a deep elf sorcerer
 12613 | Abyss:2  | Mangled by a spatial maelstrom

Vault maps used:
D:1:      ncdulo_smallfort
D:2:      overflow_temple_1_default, nicolae_overflow_crystal_walls,
          corexii_item_surrounded_by_moat
D:3:      gup_sewer_entry_bowl, uniq_crazy_yiuf_cottage
D:4:      cheibrodos_quashed, yredelemnul_forgotten_temple_becter, first_ration,
          nrook_campfire, uniq_menkaure, uniq_natasha, uniq_sigmund,
          uniq_grinder
D:5:      regret_index_temple_of_mockery, kb_lookout_dungeons_type,
          minmay_pentangle
D:6:      lemuel_doored_altar, okawaru_altar_gauntlet_db, serial_shops,
          kennysheep_little_box
D:7:      evilmike_ruin_ashenzari, lemuel_temple_firewalk_b, uniq_pikel
D:8:      lemuel_round_altar, elyvilon_altar_4, lemuel_round_altar,
          enter_ossuary_1, serial_shops, shop, shop, nicolae_shop_trees,
          nicolae_shop_trees, grunt_livestock, nicolae_blasting_shop
D:9:      lemuel_round_altar, uniq_joseph
D:10:     erik_lair_orcish_takeover, basic_altar, minmay_fountain_box,
          uniq_harold, uniq_sonja
Abyss:2:  evilmike_abyss_exit_chaos, evilmike_abyss_exit_6
Ossuary:  ossuary_crypta

Skill      XL: |  1  2  3  4  5  6  7  8  9 10 11 |
---------------+----------------------------------+-----
Ice Magic      | 4 5 6 8 10 | 10.0
Shields        | 2 3 4 |  4.1
Dodging        | 3 6 |  6.0
Fighting       | 1 4 |  4.1
Conjurations   | 1 2 |  2.0
Charms         | 1 4 |  4.0
Spellcasting   | 4 |  4.0
Polearms       | 3 8 11 12 | 12.2
Evocations     | 2 4 |  4.0
Invocations    | 4 5 |  5.1
Stealth        | |  2.1

Action                   |  1- 3 |  4- 6 |  7- 9 | 10-12 || total
-------------------------+-------+-------+-------+-------++-------
Melee: Dagger            |    10 |       |       |       ||    10
       Short sword       |    77 |   147 |    41 |       ||   265
       Whip              |       |       |   271 |   262 ||   533
 Fire: Hunting sling     |       |       |     8 |       ||     8
Throw: Stone             |       |       |     2 |       ||     2
       Tomahawk          |       |       |     4 |    11 ||    15
 Cast: Freeze            |    23 |    39 |    72 |    57 ||   191
       Ozocubu's Armour  |     1 |     6 |    31 |    33 ||    71
       Throw Frost       |       |     2 |    16 |    27 ||    45
Invok: Lesser Servant of |       |       |       |     2 ||     2
Evoke: Wand              |       |       |       |     7 ||     7
  Use: Scroll            |     2 |    10 |    13 |     4 ||    29
       Potion            |       |       |     1 |     7 ||     8
 Stab: Sleeping          |     2 |       |     1 |     1 ||     4
       Distracted        |       |       |       |     2 ||     2
  Eat: Chunk             |     2 |    13 |    18 |    10 ||    43
       Ration            |       |       |     1 |     1 ||     2
Armor: Robe              |    17 |       |       |       ||    17
       Leather armour    |     7 |    30 |    92 |   110 ||   239
       Skin              |       |       |    12 |       ||    12
Dodge: Dodged            |    73 |   121 |   283 |   249 ||   726
Block: Buckler           |       |       |    76 |    83 ||   159

Table legend:
 A = Non-vault XP
 B = Vault XP
 C = Vault XP percentage of total XP
 D = Non-vault monster count
 E = Vault monster count
 F = Vault count percentage of total count
                 A         B        C        D         E       F
            +---------+---------+-------+---------+---------+-------
      Total |    6765 |    3770 |  35.8 |     199 |      49 |  19.8
            +---------+---------+-------+---------+---------+-------
        D:1 |      49 |       0 |   0.0 |      26 |       0 |   0.0
        D:2 |      44 |       0 |   0.0 |      13 |       0 |   0.0
        D:3 |     137 |      48 |  25.9 |      27 |       4 |  12.9
        D:4 |     388 |       0 |   0.0 |      10 |       0 |   0.0
        D:5 |     503 |     597 |  54.3 |      16 |      11 |  40.7
        D:6 |     622 |      13 |   2.0 |      12 |       6 |  33.3
        D:7 |     866 |       0 |   0.0 |      22 |       0 |   0.0
        D:8 |    1383 |     960 |  41.0 |      30 |       5 |  14.3
        D:9 |    1074 |     518 |  32.5 |      20 |       2 |   9.1
       D:10 |    1107 |    1442 |  56.6 |      21 |       8 |  27.6
    Abyss:1 |     592 |       0 |   0.0 |       2 |       0 |   0.0
    Ossuary |       0 |     192 | 100.0 |       0 |      13 | 100.0
            +---------+---------+-------+---------+---------+-------
